 Dungeon Crawl Stone Soup version 0.20.2-3-g29329e0561 (webtiles) character file.

174 Alfie the Shield-Bearer (level 5, -1/46 HPs)
             Began as a Minotaur Fighter on Sept 28, 2020.
             Killed by divine providence
             ... invoked by an orc priest
              (13 damage)
             ... on level 3 of the Dungeon.
             The game lasted 00:04:19 (1250 turns).

Alfie the Shield-Bearer (Minotaur Fighter)          Turns: 1250, Time: 00:04:20

Health: -1/46      AC:  9    Str: 21    XL:     5   Next: 28%
Magic:  4/4        EV:  8    Int:  5    God:
Gold:   76         SH: 10    Dex: 10    Spells: 4/4 levels left

rFire    . . .     SeeInvis .   a - +0 long sword
rCold    . . .     Gourm    .   c - +0 shield
rNeg     . . .     Faith    .   b - +0 scale mail
rPois    .         Spirit   .   (helmet restricted)
rElec    .         Reflect  .   k - +0 cloak
rCorr    .         Harm     .   (no gloves)
MR       .....                  p - +0 pair of boots
Stlth    ..........             (no amulet)
Regen    0.2/turn               (no ring)
MPRegen  0.1/turn               (no ring)

@: no status effects
A: retaliatory headbutt, horns 2
a: no special abilities


You were on level 3 of the Dungeon.
You were not hungry.

You visited 1 branch of the dungeon, and saw 3 of its levels.

You collected 76 gold pieces.

Inventory:

Hand Weapons
 a - a +0 long sword (weapon)
Armour
 b - a +0 scale mail (worn)
 c - a +0 shield (worn)
 k - a +0 cloak (worn)
 p - a +0 pair of boots (worn)
Jewellery
 i - a cursed -4 ring of slaying {unknown}
Scrolls
 e - a scroll of identify {unknown}
 g - 2 scrolls of teleportation {unknown}
 m - 2 scrolls of enchant armour {unknown}
 n - a scroll of fog {unknown}
Potions
 d - a potion of might
 h - a potion of curing
 j - 3 potions of flight
 l - 2 potions of brilliance
Comestibles
 f - 3 bread rations


   Skills:
 + Level 4.3 Fighting
 + Level 3.9 Long Blades
 + Level 4.4 Armour
 + Level 1.5 Dodging
 + Level 5.0 Shields


You had 4 spell levels left.
You didn't know any spells.

Dungeon Overview and Level Annotations

Branches:
Dungeon (3/15)

Altars:
Nemelex Xobeh
The Shining One


Innate Abilities, Weirdness & Mutations

You reflexively headbutt those who attack you in melee.
You have a pair of horns on your head.


Message History

The orc wizard points at you and mumbles some strange words.
The magic dart hits you!
The orc shouts!
The orc hits you but does no damage.
An orc comes into view.
It is wielding a falchion of electrocution.
The orc shouts!
The orc hits you but does no damage. You block the orc's attack.
The orc wizard casts a spell at you. The magic dart hits you!
You barely miss the orc wizard. The orc hits you but does no damage.
The orc priest invokes the aid of Beogh against you.
Beogh smites you!
* * * LOW HITPOINT WARNING * * *
You block the orc wizard's attack.
You closely miss the orc wizard. You headbutt the orc wizard.
The orc wizard is lightly wounded.
The orc hits you but does no damage.
The orc priest invokes the aid of Beogh against you.
Beogh smites you!
You die... ##........# ⌠.⌠......## _........ ⌠...?.. ..... oo.

# #o# .# .###
#@###.###.
>....####o#.......
......oooo#...####
##...<..........
.....######..###.#
.... ..# # #.# .#
.#


You could see an orc priest, an orc wizard and 4 orcs.

Vanquished Creatures
  Crazy Yiuf (D:2)
  Natasha (thrice) (D:2)
  Robin (D:2)
  An ooze (D:1)
  A worm (D:2)
  A dart slug (D:2)
  2 giant cockroaches
  10 goblins
  6 hobgoblins
  A jackal (D:1)
  6 kobolds
  A quokka (D:2)
  5 bats
  3 frilled lizards
  10 rats
52 creatures vanquished.

Notes
Turn   | Place    | Note
-------+----------+-------------------------------------------
     0 | D:1      | Alfie the Minotaur Fighter began the quest for the Orb.
     0 | D:1      | Reached XP level 1. HP: 19/19 MP: 0/0
    60 | D:1      | Reached XP level 2. HP: 25/27 MP: 1/1
   295 | D:1      | Reached skill level 4 in Shields
   488 | D:2      | Reached XP level 3. HP: 28/33 MP: 2/2
   595 | D:2      | Noticed Natasha
   608 | D:2      | Killed Natasha
   613 | D:2      | Noticed Robin
   619 | D:2      | Reached skill level 1 in Dodging
   640 | D:2      | Killed Robin
   640 | D:2      | Reached XP level 4. HP: 17/40 MP: 3/3
   771 | D:2      | Found a glowing golden altar of the Shining One.
   821 | D:2      | Noticed Natasha
   832 | D:2      | Killed Natasha
   939 | D:2      | Found a runed door.
  1116 | D:2      | Noticed Natasha
  1122 | D:2      | Killed Natasha
  1122 | D:2      | Reached XP level 5. HP: 44/46 MP: 4/4
  1158 | D:2      | Noticed Crazy Yiuf
  1169 | D:2      | Killed Crazy Yiuf
  1169 | D:2      | Reached skill level 5 in Shields
  1243 | D:3      | Found a sparkling altar of Nemelex Xobeh.
  1250 | D:3      | Killed from afar by an orc priest

Skill      XL: |  1  2  3  4  5 |
---------------+----------------+-----
Armour         | 4 |  4.4
Shields        | 4 5 |  5.0
Fighting       | 4 |  4.3
Long Blades    | 3 |  3.9
Dodging        | 1 |  1.5

Action                   |  1- 3 |  4- 6 || total
-------------------------+-------+-------++-------
Melee: Long sword        |   100 |    40 ||   140
       Headbutt          |    12 |     7 ||    19
  Use: Potion            |       |     5 ||     5
  Eat: Fruit             |       |     2 ||     2
Armor: Scale mail        |    55 |    22 ||    77
Dodge: Dodged            |    27 |    14 ||    41
Block: Shield            |    59 |    24 ||    83
       Rpst.: Long sword |     7 |     3 ||    10
